[Event "*** SCC Grand Prix: Titled Tuesday Blitz"]
[Site "Chess.com"]
[Date "2020.06.09"]
[Round "1"]
[White "kingofthenil"]
[Black "Tesla37"]
[Result "0-1"]
[WhiteElo "2451"]
[BlackElo "2922"]
[TimeControl "180+1"]
[EndTime "9:06:23 PDT"]
[Termination "Tesla37 won on time"]

1. e4 c5 2. d3 e6 3. g3 d5 4. Bg2 Nf6 5. Nd2 Nc6 6. Ngf3 g6 7.
O-O Bg7 8. Re1 O-O 9. c3 a5 10. a4 b6 11. e5 Nd7 12. d4 Ba6 13. Nb1 Rc8 14. Bg5 Qc7 15. Na3 h6 16. Bf4 cxd4 17. cxd4 Nb4 18. Re3 Qb7 19. Rc3 Rxc3 20. bxc3 Nd3 21.
Be3 Rc8 22. Qd2 Qc6 23. Nb5 Bxb5 24. axb5 Qxc3 25. Rd1 Nb2 26. Rc1 Qxc1+ 27. Qxc1 Rxc1+ 28. Bxc1 Nc4 29. Nd2 Nxd2 30. Bxd2 Bf8 31. Kf1 f6 32.
exf6 Nxf6 33. Ke2 Kf7 34. Kd3 g5 35. Bc3 Bd6 36. h3 Kg6 37. Bf3 h5 38. g4 h4 0-1

[Event "*** SCC Grand Prix: Titled Tuesday Blitz"]
[Site "Chess.com"]
[Date "2020.06.09"]
[Round "1"]
[White "Harsha_Bharathakoti"]
[Black "rynos0411"]
[Result "1-0"]
[WhiteElo "2782"]
[BlackElo "2411"]
[TimeControl "180+1"]
[EndTime "9:06:23 PDT"]
[Termination "Harsha_Bharathakoti won by resignation"]

1. Nf3 Nf6 2. c4 e6 3. d4 d5 4. Nc3 Bb4 5. cxd5 exd5 6. Bf4 O-O 7. Rc1 c6 8. e3 Bf5 9. Qb3 Bxc3+ 10. Qxc3 Nbd7 11. Be2 Re8 12. O-O Qb6 13. Nd2 h6 14. h3 Rac8 15. b4 Nf8 16. Rfe1 Ne6 17. Be5 Nd7 18.
Bh2 Bg6 19. a4 f5 20. Nf3 Qd8 21. Qb3 Kh8 22. b5 Ng5 23. bxc6 bxc6 24. Nxg5 Qxg5 25. Bf4 Qe7 26. Ba6 Rcd8 27. Rxc6 Bf7 28. Rc7 Qe6 29. Bb5 Nf6 30. Bxe8 Nxe8 31. Rxa7 Nf6 32. Qb7 Kg8 33. Rc1 Ne4 34. Rc7 Rf8 35. Qc6 Qxc6 36. Rxc6 Rb8 1-0

[Event "*** SCC Grand Prix: Titled Tuesday Blitz"]
[Site "Chess.com"]
[Date "2020.06.09"]
[Round "1"]
[White "TST2014"]
[Black "i_am_sankalp"]
[Result "1-0"]
[WhiteElo "2555"]
[BlackElo "2189"]
[TimeControl "180+1"]
[EndTime "9:06:23 PDT"]
[Termination "TST2014 won by resignation"]

1. d4 Nf6 2. c4 g6 3. Nf3 Bg7 4. Nc3 d5 5. Bg5 dxc4 6. e4 O-O 7. Bxc4 Bg4 8. e5 Nfd7 9. h3 Be6 10. Bxe6 fxe6 11.
Qb3 Nc6 12. Qxe6+ Kh8 13. Rd1 Nb6 14. d5 Rxf3 15. dxc6 Rd3 16. cxb7 Rxd1+ 17. Nxd1 Rb8 18.
O-O Rxb7 19. Ne3 c5 20. Rd1 Qc7 21. f4 h6 22. Bh4 Kh7 23. Kh1 c4 24. f5 Qxe5 25.
fxg6+ Kh8 26. Rd8+ 1-0

[Event "*** SCC Grand Prix: Titled Tuesday Blitz"]
[Site "Chess.com"]
[Date "2020.06.09"]
[Round "1"]
[White "LizaSolovyova"]
[Black "Efremov_Vlad"]
[Result "1/2-1/2"]
[WhiteElo "2533"]
[BlackElo "2170"]
[TimeControl "180+1"]
[EndTime "9:06:24 PDT"]
[Termination "Game drawn - insufficient material"]

1. d4 d5 2. Nc3 Nf6 3. e4 Nxe4 4. f3 Nxc3 5. bxc3 c5 6. Bd3 Nc6 7. Be3 e6 8. dxc5 Qa5 9. Ne2 Bxc5 10. Qd2 Qb6 11.
Kf2 Bxe3+ 12. Qxe3 Qxe3+ 13. Kxe3 e5 14. c4 Be6 15. cxd5 Bxd5 16. Nc3 Be6 17. Ne4 O-O 18. Ng5 h6 19. Nxe6 fxe6 20. Bc4 Rf6 21. Rab1 b6 22. Rhd1 Rd8 23. Rxd8+ Nxd8 24. Rd1 Nc6 25. Rd6 Nd4 26. Rd8+ Rf8 27. Rxf8+ Kxf8 28. Kd3 Ke7 29. c3 Nf5 30. g4 Nd6 31. Bb3 g5 32. Ke3 Kf6 33. Kd3 Nb7 34.
Kc4 Nc5 35. Bc2 e4 36. fxe4 Ke5 37. Kb5 Nxe4 38. Ka6 Nxc3 39. Kxa7 Nxa2 40. Kxb6 Kf4 41. Bb3 e5 42. Bxa2 Kxg4 43. Kc5 Kh3 44. Kd5 Kxh2 45.
Kxe5 h5 46. Kf5 g4 47. Kg5 g3 48. Bd5 g2 49. Bxg2 Kxg2 50. Kxh5 1/2-1/2

[Event "*** SCC Grand Prix: Titled Tuesday Blitz"]
[Site "Chess.com"]
[Date "2020.06.09"]
[Round "1"]
[White "crywolf1986"]
[Black "margarita_2703"]
[Result "0-1"]
[WhiteElo "2469"]
[BlackElo "2538"]
[TimeControl "180+1"]
[EndTime "9:06:24 PDT"]
[Termination "margarita_2703 won by checkmate"]

1. d4 Nf6 2. Nf3 d5 3. c4 e6 4.
e3 c6 5. Nbd2 Nbd7 6. Bd3 Bd6 7.
O-O O-O 8. e4 dxc4 9. Nxc4 Be7 10. Bf4 b5 11. Nce5 Bb7 12. Qe2 a6 13. Rfd1 Qe8 14. Rac1 Rc8 15. Bb1 c5 16. Nxd7 Nxd7 17. d5 exd5 18. exd5 Bf6 19. Qc2 g6 20. Bd6 c4 21.
Re1 Qd8 22. Bxf8 Qxf8 23. Rcd1 Nc5 24. Ne5 Qd6 25. Nc6 Bxc6 26. dxc6 Qxc6 27. Qd2 Kg7 28. Re2 Rd8 29. Qe1 Nd3 30. Bxd3 cxd3 31. Red2 Qc4 32.
Qe3 Qxa2 33. Qb6 Rd5 34. h3 Bg5 35. f4 Bxf4 36. Rf2 Be5 37. Rxf7+ Kxf7 38. Rf1+ Kg7 39. Qb7+ Kh6 40. Qf7 Bd4+ 41. Kh1 Qc4 42. Qf8+ Bg7 43. Qe7 d2 44. Rd1 Re5 45. Qd8 Re1+ 46. Kh2 Qf4+ 47. g3 Qf2# 0-1

[Event "*** SCC Grand Prix: Titled Tuesday Blitz"]
[Site "Chess.com"]
[Date "2020.06.09"]
[Round "1"]
[White "MasterKroket"]
[Black "Shtembuliak"]
[Result "0-1"]
[WhiteElo "2438"]
[BlackElo "2853"]
[TimeControl "180+1"]
[EndTime "9:06:26 PDT"]
[Termination "Shtembuliak won by resignation"]

1. d4 g6 2. c4 Bg7 3. Nf3 d6 4. Nc3 Nc6 5. Bf4 Bg4 6. e3 e5 7. dxe5 dxe5 8. Qxd8+ Rxd8 9. Bg5 f6 10. Bh4 Nge7 11.
Be2 O-O 12. h3 Be6 13. O-O h6 14. Rfd1 g5 15. Bg3 f5 16. Bh2 f4 17. Ne4 b6 18. c5 Nf5 19. exf4 exf4 20. Nexg5 hxg5 21. Nxg5 Rxd1+ 22. Rxd1 Bxa2 23. cxb6 cxb6 24. Bf3 Nfd4 25. Be4 Bb3 26. Rd2 Re8 27. f3 Be5 28. h4 Kg7 29.
Kf2 a5 30. g4 fxg3+ 31. Bxg3 Bxg3+ 32. Kxg3 a4 33. Rd3 b5 34. h5 Bc4 35. Re3 Nf5+ 0-1

[Event "*** SCC Grand Prix: Titled Tuesday Blitz"]
[Site "Chess.com"]
[Date "2020.06.09"]
[Round "1"]
[White "Danfii"]
[Black "Matibar"]
[Result "1/2-1/2"]
[WhiteElo "2387"]
[BlackElo "2719"]
[TimeControl "180+1"]
[EndTime "9:06:26 PDT"]
[Termination "Game drawn by repetition"]

1. e4 d5 2. exd5 Qxd5 3. Nc3 Qd8 4. d4 Nf6 5. Nf3 Bg4 6. Be2 e6 7. O-O Be7 8. h3 Bxf3 9. Bxf3 c6 10. Bf4 Nbd7 11. Qd2 O-O 12. Rad1 Re8 13. Ne4 Nxe4 14.
Bxe4 Nf6 15. Bd3 Bd6 16. Bg5 h6 17. Bh4 Bc7 18. c3 Qd6 19. Bg3 Qd7 20. Bxc7 Qxc7 21.
Bb1 Rad8 22. Qc2 c5 23. dxc5 Qxc5 24. Rxd8 Rxd8 25. Rd1 Rd5 26. Rxd5 Qxd5 27. Qd3 Kf8 28. Qxd5 Nxd5 29. g3 b6 30. h4 Ke7 31. Kg2 g5 32. hxg5 hxg5 33. Kf3 f5 34. a3 g4+ 35. Ke2 Kd6 36. c4 Nf6 37. b4 Ke5 38. Ke3 Nd7 39. Bd3 a5 40. Bc2 axb4 41. axb4 Nf6 42. Bd3 Nd7 43. Bc2 Nb8 44. Kd3 Nc6 45. Kc3 Nd4 46. Bd1 Nc6 47. Ba4 Nd4 48. Bd1 Nc6 49. Ba4 Nd4 50. Bd1 1/2-1/2

[Event "*** SCC Grand Prix: Titled Tuesday Blitz"]
[Site "Chess.com"]
[Date "2020.06.09"]
[Round "1"]
[White "ljuks68"]
[Black "kleinebeer98"]
[Result "0-1"]
[WhiteElo "2328"]
[BlackElo "2647"]
[TimeControl "180+1"]
[EndTime "9:06:26 PDT"]
[Termination "kleinebeer98 won on time"]

1. e4 c5 2. Nf3 e6 3. d4 cxd4 4. Nxd4 Nc6 5. Nc3 Qc7 6. Be3 a6 7. Qd2 Nf6 8. f3 b5 9. O-O-O Ne5 10. Bf4 b4 11. Nce2 Nh5 12. Bxe5 Qxe5 13. g4 Nf6 14. Bg2 g5 15. Rhf1 Bg7 16. Kb1 O-O 17. h4 h6 18.
hxg5 hxg5 19. Rh1 d5 20. f4 gxf4 21. Nxf4 Nxe4 22. Bxe4 dxe4 23. Nh5 Qxd4 24. Qxd4 Bxd4 25. Rxd4 f6 26. Ng3 e5 27. Rd6 Bxg4 28. Nxe4 Bf3 29.
Rg1+ Kh8 30. Nxf6 Rad8 31. Rxa6 e4 32. Re6 e3 0-1

[Event "*** SCC Grand Prix: Titled Tuesday Blitz"]
[Site "Chess.com"]
[Date "2020.06.09"]
[Round "1"]
[White "Colchonero64"]
[Black "m_ezat"]
[Result "1-0"]
[WhiteElo "2987"]
[BlackElo "2466"]
[TimeControl "180+1"]
[EndTime "9:06:27 PDT"]
[Termination "Colchonero64 won by checkmate"]

1. e4 c6 2. d4 d5 3. e5 Bf5 4.
Bd3 Bxd3 5. Qxd3 e6 6. Ne2 Qa5+ 7. Nd2 Qa6 8. Qg3 Ne7 9. c3 Nf5 10. Qh3 c5 11. g4 Ne7 12. dxc5 Nd7 13. Nb3 Nxe5 14.
Be3 Nd3+ 15. Kf1 Nxb2 16. Nd4 Na4 17. Ke1 Nxc5 18. a4 Nxa4 19. Kd2 Nc6 20. Rhb1 Ne5 21.
Nb5 Rc8 22. Qg3 Nc4+ 23. Ke1 Nxe3 24. fxe3 Kd7 25. Qf4 f6 26. Rxa4 Qc6 27. Rxa7 Be7 28.
Ned4 Qc4 29. Rxb7+ Ke8 30. Nxe6 Kf7 31. Nd6+ Kg6 32.
Qf5+ Kh6 33. Qh5# 1-0

[Event "*** SCC Grand Prix: Titled Tuesday Blitz"]
[Site "Chess.com"]
[Date "2020.06.09"]
[Round "1"]
[White "Paralinch"]
[Black "dey2580"]
[Result "1-0"]
[WhiteElo "2869"]
[BlackElo "2439"]
[TimeControl "180+1"]
[EndTime "9:06:27 PDT"]
[Termination "Paralinch won on time"]

1. e4 d5 2. exd5 Qxd5 3. Nc3 Qd6 4. d4 Nf6 5. Nf3 a6 6. g3 Bg4 7.
Bg2 Nc6 8. h3 Bh5 9. O-O O-O-O 10. d5 Ne5 11. Bf4 Nxf3+ 12. Bxf3 Bxf3 13. Qxf3 e5 14. Bg5 Be7 15. Rad1 h6 16. Be3 Qd7 17. Kg2 g5 18. b3 g4 19. hxg4 Nxg4 20. d6 Bxd6 21. Nd5 f5 22. Bb6 Qe6 23. Qc3 Rh7 24.
Ba7 b5 25. Qc6 Rg8 26. Rd2 f4 27. Rfd1 f3+ 28. Kg1 1-0

[Event "*** SCC Grand Prix: Titled Tuesday Blitz"]
[Site "Chess.com"]
[Date "2020.06.09"]
[Round "1"]
[White "Papa12341234"]
[Black "CrazyMartian"]
[Result "1-0"]
[WhiteElo "2606"]
[BlackElo "2280"]
[TimeControl "180+1"]
[EndTime "9:06:27 PDT"]
[Termination "Papa12341234 won on time"]

1. e4 c5 2. Nc3 Nc6 3. Nf3 e5 4. Bc4 d6 5. d3 Be7 6. Nd2 Bg5 7. h4 Bh6 8. g3 Nd4 9. Nb3 Bxc1 10. Rxc1 Nf6 11.
Nxd4 cxd4 12. Nd5 O-O 13. Nxf6+ Qxf6 14. O-O Qg6 15. Kh2 Bg4 16. f3 Be6 17. Bxe6 fxe6 18. Qd2 a5 19. c3 dxc3 20. Rxc3 Rf7 21. d4 Raf8 22. dxe5 dxe5 23. Qe3 b5 24. Rc5 Qh5 25. Kg2 b4 26. Rxa5 Rc7 27. Rc5 Rfc8 28. Rfc1 Rxc5 29. Rxc5 Ra8 30. Qb3 Rf8 31. Qxe6+ Kh8 32. Qf5 Qe8 33. Qxe5 Qa8 34. Rc7 1-0

[Event "*** SCC Grand Prix: Titled Tuesday Blitz"]
[Site "Chess.com"]
[Date "2020.06.09"]
[Round "1"]
[White "ShahMatKanal"]
[Black "anastasiyakarlovych"]
[Result "1-0"]
[WhiteElo "2480"]
[BlackElo "1954"]
[TimeControl "180+1"]
[EndTime "9:06:27 PDT"]
[Termination "ShahMatKanal won by resignation"]

1. d4 d5 2. c4 Bf5 3. Nc3 e6 4.
Nf3 c6 5. cxd5 exd5 6. Bf4 Nd7 7. e3 Ngf6 8. Bd3 Bg6 9. O-O Nh5 10. Bg5 Be7 11. Bxe7 Qxe7 12. a3 Nhf6 13. Qc2 Bxd3 14. Qxd3 Ne4 15. Nd2 Ndf6 16. Rad1 O-O 17. Rfe1 Rfe8 18.
f3 Nd6 19. e4 dxe4 20. fxe4 Nh5 21. e5 Nc8 22. Qf3 g6 23. Nde4 Kh8 24. Rf1 Rf8 25.
g4 Ng7 26. Nf6 Qe6 27. Nce4 Ne7 28. Nxh7 Nd5 29. Nhg5 Rad8 30. Qh3+ Nh5 31. Nxe6 1-0

[Event "*** SCC Grand Prix: Titled Tuesday Blitz"]
[Site "Chess.com"]
[Date "2020.06.09"]
[Round "1"]
[White "AlexSuv"]
[Black "Orest_Vovk"]
[Result "0-1"]
[WhiteElo "2770"]
[BlackElo "2452"]
[TimeControl "180+1"]
[EndTime "9:06:29 PDT"]
[Termination "Orest_Vovk won by resignation"]

1. d4 h6 2. c4 g5 3. Nc3 Bg7 4. e4 c5 5. d5 Bxc3+ 6. bxc3 Qa5 7. Bd2 d6 8. h4 g4 9. Bd3 Nf6 10. Ne2 Nbd7 11. Ng3 Ne5 12. Be2 Bd7 13. Qb3 O-O-O 14. h5 Ba4 15. Qb1 Qb6 16. Qxb6 axb6 17. Nf5 Nxe4 18.
Nxe7+ Kd7 19. Nf5 Bc2 20. f4 gxf3 21. Ne3 f2+ 22. Kf1 Nxd2+ 23. Kxf2 Bh7 24. Bf3 Ndxf3 25.
gxf3 Nd3+ 26. Ke2 Rde8 27. Rhg1 Ne5 28. Kf2 Rhg8 29. a4 Nd3+ 30. Ke2 Nf4+ 31. Kf2 Nh3+ 0-1

[Event "*** SCC Grand Prix: Titled Tuesday Blitz"]
[Site "Chess.com"]
[Date "2020.06.09"]
[Round "1"]
[White "Nor1lsk"]
[Black "GuuBol"]
[Result "1-0"]
[WhiteElo "2579"]
[BlackElo "2236"]
[TimeControl "180+1"]
[EndTime "9:06:29 PDT"]
[Termination "Nor1lsk won by checkmate"]

1. e4 c5 2. d3 Nc6 3. g3 g6 4. Bg2 Bg7 5. f4 e6 6. Nf3 Nge7 7. O-O O-O 8. c3 d5 9. Na3 Rb8 10. Nc2 b5 11. e5 d4 12. Ng5 Nd5 13. Ne4 Qb6 14.
c4 bxc4 15. dxc4 Nde7 16. Ne1 Kh8 17. Nd3 Nb4 18. Nexc5 Nf5 19. Re1 Rd8 20. Bd2 Ne3 21. Rxe3 Nxd3 22. Rxd3 Qxc5 23. b3 Bb7 24. Bxb7 Rxb7 25.
Be1 a5 26. Bf2 Rbd7 27. Qd2 Qb6 28. Rd1 Bf8 29. Qe2 Bb4 30. g4 Kg7 31. Bh4 Rc8 32.
Bf6+ Kg8 33. Qg2 a4 34. Qh3 axb3 35. Qxh7+ Kxh7 36. Rh3+ Kg8 37. Rh8# 1-0

[Event "*** SCC Grand Prix: Titled Tuesday Blitz"]
[Site "Chess.com"]
[Date "2020.06.09"]
[Round "1"]
[White "Alexander_Moskalenko"]
[Black "SiddharthGMJagadeesh"]
[Result "1-0"]
[WhiteElo "2808"]
[BlackElo "2425"]
[TimeControl "180+1"]
[EndTime "9:06:31 PDT"]
[Termination "Alexander_Moskalenko won by resignation"]

1. e3 d5 2. c4 e6 3. Nf3 Nf6 4. b3 c5 5. Bb2 Nc6 6. cxd5 exd5 7. Bb5 Bd6 8. O-O O-O 9. d4 Bg4 10. dxc5 Bxc5 11. Bxc6 bxc6 12. Nc3 Qe7 13. Rc1 Bd6 14.
Ne2 Bxf3 15. gxf3 Rac8 16. Ng3 Qe6 17. Qd3 Be5 18. Bd4 Bxd4 19. Qxd4 Qe7 20. Qc5 Qd7 21. Rfd1 Qe6 22. Qxa7 Ra8 23. Qb6 Rxa2 24. Rxc6 Qe5 25. Qd4 Qxd4 26. Rxd4 Rb8 27. Ra4 Rb2 28. Rb6 Rc8 29.
Nf5 Kf8 30. Nd4 Nd7 31. Rd6 Nc5 32. Ra7 Nd3 33. Rdd7 Rc1+ 34. Kg2 Rxf2+ 35. Kg3 Rg1+ 36. Kh3 Ke8 37. Re7+ Kd8 38. Nc6+ 1-0

[Event "*** SCC Grand Prix: Titled Tuesday Blitz"]
[Site "Chess.com"]
[Date "2020.06.09"]
[Round "1"]
[White "mfwagnerpeixoto"]
[Black "Flawless_Fighter"]
[Result "0-1"]
[WhiteElo "2280"]
[BlackElo "2604"]
[TimeControl "180+1"]
[EndTime "9:06:33 PDT"]
[Termination "Flawless_Fighter won by resignation"]

1. e4 c6 2. Nf3 d5 3. Nc3 Bg4 4. h3 Bxf3 5. Qxf3 e6 6. g3 Nf6 7. Bg2 Be7 8. O-O O-O 9. Qe2 Nbd7 10. d4 Rc8 11. e5 Ne8 12. Nd1 c5 13. c3 Qb6 14. Be3 g6 15. f4 Ng7 16. g4 Nb8 17.
dxc5 Bxc5 18. Bxc5 Qxc5+ 19. Qe3 Qa5 20. a3 Nc6 21. Nf2 Rfd8 22. Kh1 a6 23. Rad1 Qc7 24. Nd3 Na5 25. f5 Nc4 26. Qh6 Nxe5 27. Nf4 gxf5 28.
Nh5 Nxh5 29. gxh5 Qe7 30. Bxd5 Kh8 31. Rg1 Rg8 32. Bb3 Qh4 33. Rd3 Rxg1+ 34. Kxg1 Rg8+ 35. Kf1 Nxd3 0-1

[Event "*** SCC Grand Prix: Titled Tuesday Blitz"]
[Site "Chess.com"]
[Date "2020.06.09"]
[Round "1"]
[White "Thipsay"]
[Black "Kilpkonn"]
[Result "0-1"]
[WhiteElo "2460"]
[BlackElo "2039"]
[TimeControl "180+1"]
[EndTime "9:06:35 PDT"]
[Termination "Kilpkonn won by resignation"]

1. e4 d5 2. exd5 Qxd5 3. Nc3 Qa5 4. d4 Nf6 5. Nf3 Bg4 6. h3 Bh5 7. Bc4 e6 8. Bd2 Qb6 9. g4 Bg6 10. Bb3 Bb4 11. Qe2 Nc6 12. a3 Bxc3 13. bxc3 O-O-O 14. O-O Ne4 15. Rab1 Qa5 16. c4 Nxd2 17. Qxd2 Qxd2 18.
Nxd2 Nxd4 19. Rfe1 Nxc2 20. Bxc2 Bxc2 21. Ne4 Bxb1 22.
Rxb1 Rd4 23. Ng5 Rxc4 24. Nxf7 Rf8 25. Ne5 Rc3 26. Kg2 Rxa3 27. Rc1 a5 28. Rd1 a4 29. Rd7 Ra2 30. Rxg7 Rfxf2+ 31. Kg3 b6 32. Nc6 Rfc2 33. Nb4 Rc3+ 34. Kh4 Raa3 35. Kg5 Rxh3 36. Na6 Rac3 37. Nb4 a3 38. Kf6 Rc4 39. Na2 Rh2 40. g5 Rxa2 41.
Rxh7 Rf2+ 42. Ke7 Rg4 43. Rh1 a2 44. Ra1 Rxg5 45. Kxe6 Rb5 0-1

[Event "*** SCC Grand Prix: Titled Tuesday Blitz"]
[Site "Chess.com"]
[Date "2020.06.09"]
[Round "1"]
[White "Sanan_Sjugirov"]
[Black "amatatanav"]
[Result "1-0"]
[WhiteElo "2784"]
[BlackElo "2413"]
[TimeControl "180+1"]
[EndTime "9:06:36 PDT"]
[Termination "Sanan_Sjugirov won on time"]

1. e4 c5 2. Nf3 Nc6 3. Bb5 e6 4. O-O Nge7 5. c3 a6 6. Bxc6 Nxc6 7. d4 d5 8. Bg5 f6 9. exd5 Qxd5 10. Be3 c4 11.
Nbd2 b5 12. b3 Na5 13. bxc4 Nxc4 14. Nxc4 Qxc4 15. a4 Bb7 16. Nd2 Qc6 17. Qg4 Be7 18. axb5 axb5 19. Rxa8+ Bxa8 20. Qxg7 Bf8 21. Qg4 h5 22. Qg6+ Kd7 23. Ra1 Be7 24. Nf3 h4 25.
h3 Bb7 26. Qg7 1-0

[Event "*** SCC Grand Prix: Titled Tuesday Blitz"]
[Site "Chess.com"]
[Date "2020.06.09"]
[Round "1"]
[White "Kopytkin"]
[Black "novendrapriasmoro"]
[Result "0-1"]
[WhiteElo "2346"]
[BlackElo "2669"]
[TimeControl "180+1"]
[EndTime "9:06:36 PDT"]
[Termination "novendrapriasmoro won on time"]

1. e4 c5 2. d4 cxd4 3. c3 dxc3 4. Nxc3 e6 5. Nf3 a6 6. Bc4 b5 7. Bb3 Bb7 8. O-O b4 9. Nd5 exd5 10. exd5 Bd6 11. Re1+ Ne7 12. Ng5 O-O 13. Qh5 h6 14. Ne4 Be5 15. Qxe5 Ng6 16. Qh5 d6 17. Bg5 hxg5 18.
Nxg5 Re8 19. Bc2 Re5 20. Nxf7 Rxh5 21. Nxd8 Nf8 22. Nxb7 Nbd7 23. Nxd6 Rd8 24. Ne4 Nb6 25. Rad1 a5 26. d6 a4 27. Rd4 Rd5 28. Red1 Rb5 29.
Bd3 Re5 30. f3 b3 31. axb3 axb3 32. Rb4 Nbd7 33. Rxb3 Kh7 34. Rb7 Kh6 35. g4 Ne6 0-1

[Event "*** SCC Grand Prix: Titled Tuesday Blitz"]
[Site "Chess.com"]
[Date "2020.06.09"]
[Round "1"]
[White "pitterson"]
[Black "Borsuk_Konstantin"]
[Result "1-0"]
[WhiteElo "2351"]
[BlackElo "2559"]
[TimeControl "180+1"]
[EndTime "9:06:36 PDT"]
[Termination "pitterson won on time"]

1. d4 Nf6 2. c4 e6 3. g3 Bb4+ 4. Bd2 Qe7 5. Bg2 O-O 6. Nc3 d6 7. a3 Bxc3 8. Bxc3 e5 9. e3 c6 10. Ne2 e4 11. d5 Bg4 12. O-O cxd5 13. cxd5 Nbd7 14. h3 Bf3 15. Qd2 Ne5 16. Bxe5 Qxe5 17. Nf4 g5 18. Bxf3 exf3 19. Nd3 Qxd5 20. Rfd1 Ne4 21.
Qb4 f5 22. Nf4 Qf7 23. Nd5 Rae8 24. Rac1 Qh5 25. Qc4 Qxh3 26. Nf4+ 1-0

[Event "*** SCC Grand Prix: Titled Tuesday Blitz"]
[Site "Chess.com"]
[Date "2020.06.09"]
[Round "1"]
[White "bulletteemo"]
[Black "BJthechessgod"]
[Result "1-0"]
[WhiteElo "2525"]
[BlackElo "2120"]
[TimeControl "180+1"]
[EndTime "9:06:36 PDT"]
[Termination "bulletteemo won on time"]

1. e4 c5 2. Nf3 Nc6 3. d4 cxd4 4.
Nxd4 g6 5. c4 Nf6 6. Nc3 d6 7.
f3 Nxd4 8. Qxd4 Bg7 9. Be2 O-O 10. Qd3 Be6 11. O-O Rc8 12. b3 a6 13. a4 Nd7 14. Be3 Nc5 15. Qc2 Qa5 16. Rac1 Qb4 17. Nd5 Bxd5 18. exd5 Qxb3 19. Qxb3 Nxb3 20. Rb1 Nd4 21. Bd3 Rc7 22. Rfd1 Rfc8 23. Kf1 Nf5 24. Bb6 Rd7 25. g4 Nd4 26. Kf2 e5 27. Re1 Kf8 28. h4 h5 29. gxh5 gxh5 30. Bxd4 exd4 31. Bf5 Rdc7 32.
Bxc8 Rxc8 33. Rxb7 d3 34. Ree7 Bd4+ 35. Ke1 Bc3+ 36.
Kd1 Rxc4 37. Rxf7+ Ke8 38. Rfc7 1-0

[Event "*** SCC Grand Prix: Titled Tuesday Blitz"]
[Site "Chess.com"]
[Date "2020.06.09"]
[Round "1"]
[White "VitaliyBernadskiy"]
[Black "Julianos82"]
[Result "1-0"]
[WhiteElo "2694"]
[BlackElo "2363"]
[TimeControl "180+1"]
[EndTime "9:06:37 PDT"]
[Termination "VitaliyBernadskiy won by resignation"]

1. d4 d5 2. c4 dxc4 3. e4 Nc6 4.
Nf3 Bg4 5. d5 Ne5 6. Bf4 Ng6 7.
Be3 e5 8. Bxc4 a6 9. Nbd2 Nf6 10. O-O Bd6 11. h3 Bd7 12. Qb3 Rb8 13. Rac1 b5 14. Bd3 O-O 15. Rfe1 Qe7 16. Nf1 Nh5 17. Ng3 Nxg3 18.
fxg3 h6 19. g4 Rbe8 20. Qc2 Nh4 21. Nh2 Kh7 22. Qf2 g5 23. g3 Ng6 24. Nf3 Rb8 25.
Nd2 Rfc8 26. Rf1 Kg7 27. Bc5 Nf8 28. Nb3 Ng6 29. Qe3 c6 30. Bxd6 Qxd6 31. Qc5 Qxc5+ 32. Nxc5 Be8 33. Nxa6 Ra8 34. Nb4 c5 35. Nc2 Rxa2 36.
b3 c4 37. bxc4 bxc4 38. Ne3 c3 39. Nf5+ Kf8 40. Nd6 Rc7 41. Rf2 Ne7 42. Rxa2 1-0

[Event "*** SCC Grand Prix: Titled Tuesday Blitz"]
[Site "Chess.com"]
[Date "2020.06.09"]
[Round "1"]
[White "Pavel_Mir"]
[Black "Rodalquilar"]
[Result "0-1"]
[WhiteElo "2300"]
[BlackElo "2619"]
[TimeControl "180+1"]
[EndTime "9:06:37 PDT"]
[Termination "Rodalquilar won by resignation"]

1. e4 d5 2. Nc3 dxe4 3. Nxe4 Bf5 4. Ng3 Bg6 5. Nf3 Nd7 6. h4 h6 7.
h5 Bh7 8. Bc4 e6 9. d3 Ngf6 10.
Qe2 Bd6 11. Ne4 Nxe4 12. dxe4 O-O 13. Bd2 Ne5 14. Bb3 a5 15. a4 Qf6 16. Bc3 Qf4 17. Nxe5 Bxe5 18. Bxe5 Qxe5 19. O-O-O Qxe4 20. Qxe4 Bxe4 21. Rd7 Rfc8 22. f3 Bc6 23. Rd3 Rd8 24. Kd2 Rxd3+ 25.
cxd3 Rd8 26. Ke3 Kf8 27. g4 Ke7 28. Rc1 Rd7 29. Rc5 Bxf3 30. g5 b6 31. gxh6 bxc5 32.
hxg7 Rd8 33. h6 Kf6 34. Kxf3 Kg6 35. Ke4 Kxh6 0-1

[Event "*** SCC Grand Prix: Titled Tuesday Blitz"]
[Site "Chess.com"]
[Date "2020.06.09"]
[Round "1"]
[White "Quiet_Desperation"]
[Black "kran900"]
[Result "1-0"]
[WhiteElo "1904"]
[BlackElo "2459"]
[TimeControl "180+1"]
[EndTime "9:06:37 PDT"]
[Termination "Quiet_Desperation won by resignation"]

1. e4 d5 2. exd5 Qxd5 3. Nc3 Qd6 4. Nf3 Nf6 5. Be2 a6 6. O-O Nc6 7. b3 Bg4 8. Bb2 O-O-O 9. d3 h5 10. a3 h4 11. h3 Bh5 12. b4 e6 13. Rb1 Bxf3 14. Bxf3 Nd4 15. Ne4 Nxe4 16. Bxe4 f5 17. Bf3 g5 18. Bxd4 Qxd4 19. b5 a5 20. b6 c6 21. Qe2 Rh6 22. Rfd1 Bd6 23. Qd2 Qe5 24.
Qxg5 Rhh8 25. Qd2 Bxa3 26. Re1 Qc5 27. Rxe6 Bb4 28. Qf4 Rh7 29. Re5 Qd6 30. Qxf5+ Kb8 31. Re6 Qd4 32. Qxh7 Bc5 33. Qc7+ Ka8 34. Rxc6 Qxf2+ 35. Kh1 Re8 36. Qc8+ 1-0

[Event "*** SCC Grand Prix: Titled Tuesday Blitz"]
[Site "Chess.com"]
[Date "2020.06.09"]
[Round "1"]
[White "GoValya"]
[Black "szachuspl"]
[Result "0-1"]
[WhiteElo "2180"]
[BlackElo "2552"]
[TimeControl "180+1"]
[EndTime "9:06:39 PDT"]
[Termination "szachuspl won by checkmate"]

1. d4 Nf6 2. Nf3 g6 3. c4 Bg7 4. Nc3 O-O 5. e4 d6 6. Be2 e5 7. O-O Na6 8. Bg5 h6 9. Bxf6 Bxf6 10. Nd5 Bg7 11. dxe5 dxe5 12. Qc2 c6 13. Ne3 Qe7 14. a3 Nc5 15. b4 Ne6 16. b5 Re8 17. a4 Nd4 18. Qb2 Be6 19. Rfd1 Rad8 20. h3 Qc5 21. Rac1 Bc8 22. Ne1 f5 23. Nd3 Qe7 24. exf5 gxf5 25. Qa2 f4 26. Ng4 c5 27. Bf1 Qg5 28. f3 h5 29. Ngf2 Nf5 30. Ne4 Qg6 31. Ndxc5 Ne3 32.
Rxd8 Rxd8 33. Nb3 Bf5 34. Nbd2 Kh8 35. c5 Bxh3 36. c6 Bxg2 37. Kf2 Bxf1 38. c7 Qg2+ 39. Ke1 Qe2# 0-1

[Event "*** SCC Grand Prix: Titled Tuesday Blitz"]
[Site "Chess.com"]
[Date "2020.06.09"]
[Round "1"]
[White "GMBenjaminBok"]
[Black "Jbd735"]
[Result "1-0"]
[WhiteElo "2861"]
[BlackElo "2439"]
[TimeControl "180+1"]
[EndTime "9:06:40 PDT"]
[Termination "GMBenjaminBok won by resignation"]

1. d4 d5 2. Nf3 Nf6 3. c4 c6 4. Nc3 e6 5. e3 Nbd7 6. Qc2 Bd6 7. Bd3 O-O 8. O-O Qe7 9. e4 dxc4 10. Bxc4 e5 11. h3 exd4 12. Nxd4 Nc5 13. Re1 Qe5 14. Nf3 Qh5 15. e5 Bxh3 16. exd6 Bxg2 17. Nh2 Bh3 18. Bf4 Rad8 19. Bg3 Bf5 20. Qe2 Qh3 21.
Qf3 Bd7 22. Rad1 Ne6 23. Re5 Qh6 24. Qe3 Qg6 25. Bd3 Qh6 26. Qxh6 gxh6 27. Ne4 Ng5 28. Nxf6+ 1-0

[Event "*** SCC Grand Prix: Titled Tuesday Blitz"]
[Site "Chess.com"]
[Date "2020.06.09"]
[Round "1"]
[White "maciek_92"]
[Black "kuba2006"]
[Result "1-0"]
[WhiteElo "2676"]
[BlackElo "2349"]
[TimeControl "180+1"]
[EndTime "9:06:40 PDT"]
[Termination "maciek_92 won on time"]

1. e4 Nf6 2. e5 Nd5 3. d4 d6 4. exd6 exd6 5. c4 Nb6 6. Nc3 Be7 7. Bd3 Nc6 8. Nge2 O-O 9. O-O Bf6 10. Bc2 g6 11. b3 Bg4 12. f3 Bd7 13. Be3 Re8 14.
Qd2 Qe7 15. Bf2 Bg5 16. f4 Bf6 17. Rae1 Qf8 18. d5 Ne7 19. Ne4 Bg7 20. Bh4 Nf5 21. Nf6+ Bxf6 22. Bxf6 Ne3 23. Rf3 Nxc2 24. Qxc2 Bf5 25.
Qd2 Nd7 26. Bc3 f6 27. Ng3 Rxe1+ 28. Qxe1 Re8 29. Re3 Rxe3 30. Qxe3 Bb1 31. Qc1 Bd3 32. Qd1 1-0